 Dungeon Crawl Stone Soup version 0.21-a0-509-gecc5317 (webtiles) character file.

7270 Dawnplanks the Geomancer (level 11, 0/56 HPs)
             Began as a Gargoyle Earth Elementalist on Nov 30, 2017.
             Was a Believer of Vehumet.
             Killed from afar by an orc (9 damage)
             ... with a wand of acid (13)
             ... on level 10 of the Dungeon.
             The game lasted 01:08:58 (11976 turns).

Dawnplanks the Geomancer (GrEE)                    Turns: 11976, Time: 01:08:59

Health: 0/56       AC: 13    Str: 14    XL:     11   Next: 12%
Magic:  3/33       EV: 12    Int: 19    God:    Vehumet [**....]
Gold:   580        SH:  0    Dex: 15    Spells: 15/28 levels left

rFire    . . .     SeeInvis .   J - +4 flail of Awiogo {holy, rN+ Dex+5}
rCold    . . .     Gourm    .   (no shield)
rNeg     + + +     Faith    .   c - +0 robe
rPois    ∞         Spirit   .   (no helmet)
rElec    +         Reflect  .   Q - +0 cloak
rCorr    .         Harm     .   y - +0 pair of gloves
MR       .....                  p - +0 pair of boots
Stlth    +++.......             R - amulet of magic regeneration
HPRegen  0.18/turn              G - ring of positive energy
MPRegen  0.48/turn              s - ring "Ritsas" {+Fly MP+9 Str+2 Stlth+}

@: no status effects
A: negative energy resistance 1, electricity resistance, unbreathing,
petrification resistance, rot immunity, AC +8
a: Renounce Religion, Evoke Flight


You were on level 10 of the Dungeon.
You worshipped Vehumet.
Vehumet was pleased with you.
You were hungry.

You visited 2 branches of the dungeon, and saw 11 of its levels.
You also visited: Sewer.

You collected 580 gold pieces.

Inventory:

Hand Weapons
 F - the +9 whip "Wore" {protect, rF+}
   (You found it on level 6 of the Dungeon)

   It protects the one who uses it against injury (+AC on strike).
   It protects you from fire.
 J - the +4 flail of Awiogo (weapon) {holy, rN+ Dex+5}
   (You found it on level 8 of the Dungeon)

   It has been blessed by the Shining One to cause great damage to the undead
   and demons.
   It affects your dexterity (+5).
   It protects you from negative energy.
 P - a +1 scimitar of flaming
Missiles
 b - 137 stones (quivered)
Armour
 c - a +0 robe (worn)
 p - a +0 pair of boots (worn)
 y - a +0 pair of gloves (worn)
 I - the +5 ring mail of the Arcane {Str+6}
   (You found it on level 7 of the Dungeon)

   It affects your strength (+6).
 Q - a +0 cloak (worn)
Jewellery
 f - an uncursed ring of fire
 s - the ring "Ritsas" (right hand) {+Fly MP+9 Str+2 Stlth+}
   (You found it in a sewer)

   [ring of magical power]

   It affects your strength (+2).
   It affects your magic capacity (+9).
   It lets you fly.
   It makes you more stealthy.
 G - a ring of positive energy (left hand)
 R - an amulet of magic regeneration (around neck)
Wands
 A - a wand of enslavement (59)
 E - a wand of random effects (33)
 L - a wand of digging (16)
 O - a wand of scattershot (8)
Scrolls
 a - a scroll of random uselessness {unknown}
 d - a scroll of magic mapping {unknown}
 j - 7 scrolls of remove curse
 k - 4 scrolls of fog {unknown}
 m - 10 scrolls of identify {unknown}
 q - 3 scrolls of enchant weapon {unknown}
 r - 2 scrolls of blinking {unknown}
 t - a scroll of enchant armour {unknown}
 u - 4 scrolls of teleportation {unknown}
 x - a scroll of amnesia {unknown}
 C - a scroll of immolation {unknown}
 M - a scroll of acquirement {unknown}
Potions
 g - 3 potions of lignification {unknown}
 i - a potion of experience {unknown}
 n - 4 potions of heal wounds {unknown}
 v - 2 potions of might {unknown}
 w - a potion of flight {unknown}
 z - a potion of magic {unknown}
 D - 2 potions of berserk rage {unknown}
 H - a potion of agility {unknown}
 K - a potion of cancellation {unknown}
 N - 3 potions of curing {unknown}
 T - a potion of degeneration {unknown}
Books
 e - a book of Geomancy

   Spells                             Type                      Level
   a - Sandblast                      Earth                        1
   b - Passwall                       Transmutation/Earth          2
   c - Stone Arrow                    Conjuration/Earth            3
   d - Petrify                        Transmutation/Earth          4
   e - Lee's Rapid Deconstruction     Earth                        5
Comestibles
 h - 10 fruits
 l - 4 royal jellies
 o - 2 meat rations
 B - 3 bread rations
 S - 3 chunks of flesh


   Skills:
 + Level 1.2 Fighting
 + Level 0.9 Maces & Flails
 + Level 1.1 Armour
 + Level 1.9 Dodging
 - Level 2.1 Stealth
 + Level 9.2 Spellcasting
 + Level 10.0 Conjurations
 - Level 0.7 Transmutations
 + Level 11.9 Earth Magic
 + Level 0.9 Evocations


You had 15 spell levels left.
You knew the following spells:

 Your Spells              Type           Power        Failure   Level  Hunger
a - Sandblast             Erth           ######       1%          1    None
b - Stone Arrow           Conj/Erth      ######       1%          3    None
c - Lee's Rapid Deconstr  Erth           ######....   1%          5    #####..
d - Petrify               Tmut/Erth      ####....     6%          4    ###....


Dungeon Overview and Level Annotations

Branches:
Dungeon (10/15)            Temple (1/1) D:4             Orc (0/2) D:9
   Lair: D:8-11

Altars:
Cheibriados
Fedhas
Hepliaklqana
Makhleb
Qazlal
Trog
Uskayaw
Vehumet
Wu Jian
Xom
The Shining One

Shops:
D:5 %[(   D:8 *


Innate Abilities, Weirdness & Mutations

You are resistant to torment.
Your stone body is resilient. (AC +8)
You are immune to poison.
You resist negative energy. (rN+)
You are resistant to electric shocks. (rElec)
You can survive without breathing.
You are immune to petrification.
You are immune to rotting.


Message History

The porcupine bites you.
* * * LOW HITPOINT WARNING * * *
The orc hits you with a war axe.
* * * LOW HITPOINT WARNING * * *
Casting: Sandblast
Confirm with . or Enter, or press ? or * to list all spells.
Aiming: Sandblast
Press: ? - help, Shift-Dir - straight line, f/p - gnoll sergeant
Aim: a gnoll sergeant, wielding a spear of venom, wearing a scale mail and wearing a buckler (almost dead)
The blast of sand hits the gnoll sergeant.
You kill the gnoll sergeant!
Vehumet accepts your kill.
You feel your power returning.
b - 137 stones The kobold throws a stone.
The stone hits you but does no damage. The porcupine misses you.
The orc zaps a wand.
The bolt of acid hits the orc.
The orc is splashed with acid.
The acid corrodes the orc!
The orc dies!
The bolt of acid misses the orc.
The bolt of acid hits you!
You die...

####.# #.# #.# #.#######
####.......#
......####.# .
##.###.###.## ## ..P #.#
#......#####r##P..P.
#.###.###..oo)o@gKg)..P.
##...## ##.######†P..P..
##### #.#


.PPP.P# #.# ......# #.# #P...P# #.# .....# #.# ...... #.# #P.... #.# You could
see a porcupine, 2 gnolls, 3 orcs and a kobold.

Vanquished Creatures
  Erica (D:9)
  A two-headed ogre (D:9)
  Maurice (D:9)
  A hippogriff (D:9)
  A wyvern (D:9)
  A steam dragon (D:6)
  A water moccasin (D:7)
  2 porcupines (D:10)
  2 ice beasts (D:8)
  5 orc warriors
  3 sky beasts
  A hornet zombie (D:9)
  A phantom (D:5)
  2 black bears
  5 centaurs
  9 ogres
  A big kobold (D:10)
  A gnoll sergeant (D:10)
  10 bullfrogs
  A scorpion (D:4)
  4 killer bees (D:9)
  A howler monkey (D:3)
  A centaur zombie (D:7)
  3 hounds
  2 jellies
  12 orc wizards
  5 orc priests
  2 centaur skeletons
  A bullfrog skeleton (D:10)
  Natasha (thrice) (D:5)
  3 iguanas
  7 worker ants
  A hound zombie (D:8)
  A worker ant zombie (D:5)
  2 howler monkey skeletons
  11 adders
  5 gnolls
  A shadow imp (D:8)
  An adder zombie (D:8)
  A worm (D:3)
  2 dart slugs (D:1)
  5 leopard geckos
  25 orcs
  2 ball pythons
  6 giant cockroaches
  5 goblins
  8 hobgoblins
  17 jackals
  12 kobolds
  A quokka (D:10)
  7 bats
  12 frilled lizards
  A leopard gecko skeleton (D:7)
  A quokka skeleton (D:8)
  7 rats
228 creatures vanquished.

Vanquished Creatures (others)
  An orc (D:10)
  4 fungi (D:10)
5 creatures vanquished.

Grand Total: 233 creatures vanquished

Notes
Turn   | Place    | Note
-------+----------+-------------------------------------------
     0 | D:1      | Dawnplanks the Gargoyle Earth Elementalist began the quest for the Orb.
     0 | D:1      | Reached XP level 1. HP: 10/10 MP: 3/3
   712 | D:1      | Reached skill level 4 in Earth Magic
   712 | D:1      | Reached XP level 2. HP: 15/15 MP: 3/5
  1012 | D:1      | Reached XP level 3. HP: 19/19 MP: 6/6
  1719 | D:2      | Learned a level 3 spell: Stone Arrow
  2229 | D:2      | Found a faded altar of an unknown god.
  2584 | D:3      | Found a glowing drain.
  2586 | D:3      | Reached XP level 4. HP: 24/24 MP: 6/8
  2595 | Sewer    | Entered a sewer
  2709 | Sewer    | Reached skill level 5 in Earth Magic
  2995 | Sewer    | Noticed a bullfrog
  2996 | Sewer    | Noticed a bullfrog
  3000 | Sewer    | Killed a bullfrog
  3000 | Sewer    | Reached skill level 1 in Conjurations
  3000 | Sewer    | Reached XP level 5. HP: 28/28 MP: 7/10
  3005 | Sewer    | Reached XP level 6. HP: 31/32 MP: 4/12
  3095 | Sewer    | Got a clouded glass ring
  3306 | Sewer    | Identified the ring "Ritsas" {+Fly MP+9 Str+2 Stlth+} (You found it in a sewer)
  3408 | D:3      | Noticed a sky beast
  3577 | D:3      | Learned a level 5 spell: Lee's Rapid Deconstruction
  3619 | D:3      | Killed a sky beast
  3619 | D:3      | Reached skill level 6 in Earth Magic
  3886 | D:3      | Reached XP level 7. HP: 36/36 MP: 5/13
  4174 | D:4      | Found a staircase to the Ecumenical Temple.
  4198 | D:4      | Noticed Natasha
  4575 | D:4      | Learned a level 4 spell: Petrify
  4647 | D:4      | Reached skill level 7 in Earth Magic
  4692 | D:4      | Reached skill level 5 in Spellcasting
  4974 | Temple   | Entered the Ecumenical Temple
  5070 | Temple   | Became a worshipper of Vehumet
  5167 | D:4      | Reached XP level 8. HP: 41/41 MP: 5/15
  5584 | D:5      | Entered Level 5 of the Dungeon
  5638 | D:5      | Reached skill level 5 in Conjurations
  5869 | D:5      | Found a stormy altar of Qazlal.
  5903 | D:5      | Reached skill level 8 in Earth Magic
  6071 | D:5      | Killed Natasha
  6146 | D:5      | Found Zyotut's Weapon Boutique.
  6275 | D:5      | Noticed Natasha
  6282 | D:5      | Killed Natasha
  6454 | D:5      | Found Lezierch's Food Shop.
  6490 | D:5      | Noticed Natasha
  6494 | D:5      | Killed Natasha
  6553 | D:5      | Found Venaume's Antique Armour Emporium.
  6735 | D:6      | Reached XP level 9. HP: 45/45 MP: 8/18
  6735 | D:6      | Reached skill level 9 in Earth Magic
  6943 | D:6      | Got a slimy whip
  6956 | D:6      | Identified the +9 whip "Wore" {protect, rF+} (You found it on level 6 of the Dungeon)
  7501 | D:6      | Reached * piety under Vehumet
  7501 | D:6      | Offered knowledge of Freeze by Vehumet.
  8571 | D:7      | Got an ancient ring mail
  8582 | D:7      | Identified the +5 ring mail of the Arcane {Str+6} (You found it on level 7 of the Dungeon)
  9139 | D:8      | Reached skill level 10 in Earth Magic
  9700 | D:8      | Reached XP level 10. HP: 50/50 MP: 17/21
  9977 | D:8      | Got a brightly glowing flail
  9978 | D:8      | Identified the +4 flail of Awiogo {holy, rN+ Dex+5} (You found it on level 8 of the Dungeon)
 10056 | D:8      | Offered knowledge of Sting by Vehumet.
 10293 | D:8      | Reached ** piety under Vehumet
 10696 | D:8      | Found Tejym's General Store.
 10885 | D:9      | Noticed Maurice
 10888 | D:9      | Killed Maurice
 10900 | D:9      | Noticed Erica
 10906 | D:9      | Killed Erica
 10906 | D:9      | Reached skill level 11 in Earth Magic
 11415 | D:9      | Noticed a two-headed ogre
 11421 | D:9      | Killed a two-headed ogre
 11421 | D:9      | Reached XP level 11. HP: 54/54 MP: 18/24
 11489 | D:9      | Found a staircase to the Orcish Mines.
 11772 | D:10     | Entered Level 10 of the Dungeon
 11927 | D:10     | Reached skill level 1 in Fighting
 11948 | D:10     | Reached skill level 1 in Armour
 11955 | D:10     | Reached skill level 10 in Conjurations
 11976 | D:10     | Killed from afar by an orc

Vault maps used:
D:1:      dpeg_arrival_arbitrary_c
D:2:      chequers_ecumenical_altar_simple_redux
D:3:      portal_sewer_entry_d, palyth_stone_intersect
D:4:      minmay_temple_entry_glass, serial_park_tiny_pond, uniq_natasha
D:5:      nicolae_qazlal_general_emergency, serial_shops,
          nicolae_shop_behind_doors, kennysheep_mini_moat, nicolae_shop_trees,
          first_bread
D:8:      serial_shops, nicolae_shop_stone
D:9:      orc_0_dummy, uniq_erica, uniq_maurice
D:10:     grunt_lair_entry_orc_guard_hut, blue_anna_alchemist
Temple:   roderic_octagonal_lattice_temple
Sewer:    sewer_frog_island_01

Skill      XL: |  1  2  3  4  5  6  7  8  9 10 11 |
---------------+----------------------------------+-----
Earth Magic    | 4 5 6 7 8 10 11 | 11.9
Spellcasting   | 3 4 5 6 7 9 |  9.2
Conjurations   | 1 2 3 4 6 8 9 10 | 10.0
Fighting       | 1 |  1.2
Armour         | 1 |  1.1
Maces & Flails | |  0.9
Dodging        | |  1.9
Stealth        | |  2.1
Transmutations | |  0.7
Evocations     | |  0.9

Action                   |  1- 3 |  4- 6 |  7- 9 | 10-12 || total
-------------------------+-------+-------+-------+-------++-------
Melee: Hand axe          |   130 |    77 |    33 |       ||   240
       Dagger            |       |       |    14 |       ||    14
       Whip              |       |       |    12 |       ||    12
       Flail             |       |       |       |    20 ||    20
 Cast: Sandblast         |    13 |    22 |    62 |    19 ||   116
       Lee's Rapid Decon |       |     2 |    31 |    26 ||    59
       Stone Arrow       |       |     1 |    61 |    64 ||   126
       Petrify           |       |       |     8 |     2 ||    10
  Use: Scroll            |       |       |     1 |       ||     1
 Stab: Sleeping          |     5 |     1 |     3 |     1 ||    10
       Petrified         |       |       |     1 |       ||     1
  Eat: Chunk             |     3 |     3 |    18 |    13 ||    37
       Bread ration      |     1 |       |     2 |       ||     3
       Fruit             |       |       |     4 |     1 ||     5
Armor: Robe              |    48 |    30 |    43 |    22 ||   143
Dodge: Dodged            |    84 |    61 |    63 |    35 ||   243

Table legend:
 A = Spawn XP
 B = Non-spawn XP
 C = Spawn XP percentage of total XP
 D = Spawn monster count
 E = Non-spawn monster count
 F = Spawn count percentage of total count
 G = Total turns spent on level
                    A         B        C        D         E        F      G
               +---------+---------+-------+---------+---------+-------+---------
         Total |       0 |   10387 |   0.0 |       0 |     228 |   0.0 | 11976
               +---------+---------+-------+---------+---------+-------+---------
           D:1 |       0 |      52 |   0.0 |       0 |      30 |   0.0 |  1714
           D:2 |       0 |      19 |   0.0 |       0 |      11 |   0.0 |   807
           D:3 |       0 |     352 |   0.0 |       0 |      15 |   0.0 |  1178
           D:4 |       0 |     710 |   0.0 |       0 |      24 |   0.0 |  1146
           D:5 |       0 |     840 |   0.0 |       0 |      21 |   0.0 |   991
           D:6 |       0 |     798 |   0.0 |       0 |      15 |   0.0 |  1169
           D:7 |       0 |    1090 |   0.0 |       0 |      20 |   0.0 |  1726
           D:8 |       0 |    1431 |   0.0 |       0 |      33 |   0.0 |  1374
           D:9 |       0 |    3729 |   0.0 |       0 |      18 |   0.0 |   833
          D:10 |       0 |    1111 |   0.0 |       0 |      22 |   0.0 |   204
         Sewer |       0 |     255 |   0.0 |       0 |      19 |   0.0 |   713
               +---------+---------+-------+---------+---------+-------+---------
